 Dungeon Crawl Stone Soup version 0.29-a0-676-ga64570c9d2 (webtiles) character file.

Game seed: 17128894056805897031

1162 Newt the Skirmisher (level 8, -4/61 HPs)
             Began as a Demonspawn Abyssal Knight on June 24, 2022.
             Was a Priest of Lugonu.
             Slain by an ogre
             ... wielding a +0 giant club
              (26 damage)
             ... on level 5 of the Dungeon.
             The game lasted 00:10:02 (3545 turns).

Newt the Skirmisher (Demonspawn Abyssal Knight)     Turns: 3545, Time: 00:10:03

Health: -4/61      AC: 16    Str: 16    XL:     8   Next: 17%
Magic:  7/10       EV: 12    Int: 11    God:    Lugonu [***...]
Gold:   60         SH:  0    Dex: 20    Spells: 7/7 levels left

rFire   . . .      SeeInvis +   B - +3 short sword (protect)
rCold   . . .      Faith    .   (no shield)
rNeg    . . .      Spirit   .   G - +0 ring mail {rPois}
rPois   +          Reflect  .   (no helmet)
rElec   .          Harm     .   (no cloak)
rCorr   .          Rampage  .   (no gloves)
Will    .....                   (boots unavailable)
Stlth   +.........              n - amulet of regeneration
HPRegen 1.00/turn               c - +6 ring of dexterity
MPRegen 0.12/turn               t - ring of see invisible

@: under a protective aura
A: hooves 3, icy blue scales 2
a: Renounce Religion, Depart the Abyss, Bend Space, Banish


You were on level 5 of the Dungeon.
You worshipped Lugonu.
Lugonu was most pleased with you.
You visited 1 branch of the dungeon, and saw 5 of its levels.
You visited the Abyss 1 time.

You collected 188 gold pieces.
You spent 128 gold pieces at shops.

Inventory:

Hand Weapons
 a - a +1 mace
 p - a +0 flail
 B - a +3 short sword of protection (weapon)
 E - a +0 hand crossbow of flaming
Missiles
 i - 5 poisoned darts
Armour
 b - a +0 leather armour
 d - a +0 ring mail
 G - a +0 ring mail of poison resistance (worn)
Magical Staves
 u - a staff of conjuration
Jewellery
 c - a +6 ring of dexterity (left hand)
 h - an amulet of the acrobat
 l - a ring of fire
 n - an amulet of regeneration (around neck)
 q - a ring of magical power
 t - a ring of see invisible (right hand)
 x - an amulet of reflection
 y - a ring of resist corrosion
 H - a ring of flight
 I - a ring of fire
 J - a ring of fire
Wands
 D - a wand of paralysis (19)
Scrolls
 e - 3 scrolls of enchant armour {unknown}
 j - 2 scrolls of fear {unknown}
 k - 2 scrolls of brand weapon {unknown}
 o - a scroll of fog {unknown}
 z - 2 scrolls of magic mapping {unknown}
 A - a scroll of vulnerability {unknown}
 F - a scroll of identify
Potions
 f - 2 potions of curing {unknown}
 g - 2 potions of heal wounds
 m - 2 potions of haste
 r - 2 potions of might
 s - 3 potions of cancellation
 v - a potion of brilliance
 w - a potion of lignification
 C - a potion of flight {unknown}


   Skills:
 + Level 4.7 Fighting
 * Level 3.6 Short Blades
 - Level 3.8 Maces & Flails
 * Level 3.0 Crossbows
 + Level 4.5 Armour
 + Level 2.7 Dodging
 + Level 3.0 Invocations
 + Level 0.1 Evocations


You had 7 spell levels left.
You didn't know any spells.
Your spell library was empty.

Dungeon Overview and Level Annotations

Branches:
Dungeon (5/15)
 Temple: D:4-7

Altars:
Ashenzari
Dithmenos
Hepliaklqana
Makhleb

Shops:
D:1 ?   D:4 *


Innate Abilities, Weirdness & Mutations

You have hooves in place of feet.
You are mostly covered in icy blue scales. (AC +3)


Message History

You puncture the centaur! You kick the centaur, but do no damage.
The centaur is almost dead.
The centaur hits you but does no damage.
The centaur barely misses you. x2
The centaur kicks you but does no damage.
You hit the centaur. You kick the centaur.
You kill the centaur!
Lugonu accepts your kill.
Your Invocations skill increases to level 3!
You have reached level 8!
You feel stronger.
Your demonic ancestry asserts itself...
Your feet have mutated into hooves.
You hit the ogre but do no damage. The ogre misses you.
You hit the ogre. Your kick misses the ogre.
The ogre is lightly wounded.
You hit the ogre. You kick the ogre.
The ogre is moderately wounded.
The ogre misses you.
You hit the ogre. Your kick misses the ogre.
The ogre is moderately wounded.
You closely miss the ogre. You kick the ogre!
The ogre is heavily wounded.
The ogre is no longer paralysed.
You hit the ogre. You kick the ogre.
The ogre is almost dead.
The ogre hits you but does no damage.
You hit the ogre.
The ogre is almost dead.
The ogre barely misses you. The ogre hits you with a +0 giant club!
You barely miss the ogre.
The ogre is almost dead.
The ogre hits you with a +0 giant club!
You hit the ogre.
You kill the ogre!
Lugonu accepts your kill.
Your Crossbows skill increases to level 3!
You hit the ogre. You kick the ogre.
The ogre is lightly wounded.
The ogre hits you with a +0 giant club!!
You die...

########
##..[..)#####
#########..####@O...#
....(.....## ###)...#
.........## #...#
.........# #..#
##....##..# ..#
###+#####.## .#
...........# #
...........##
............#


You could see an ogre.

Vanquished Creatures
  A water moccasin (D:4)
  An orc warrior (D:5)
  A black bear (D:4)
  An ogre (D:5)
  A centaur (D:5)
  A phantom (D:4)
  A necrophage (D:4)
  2 scorpions
  The ghost of DocClef the Shield-Bearer, a weakling GnFi (D:4)
  A howler monkey (D:5)
  3 hounds (D:4)
  A jelly (D:5)
  2 iguanas (D:5)
  3 gnolls (D:2)
  5 adders
  A shadow imp (D:4)
  A white imp (D:5)
  An ufetubus (D:4)
  4 worms
  3 dart slugs (D:2)
  6 orcs
  3 endoplasms (D:1)
  2 giant cockroaches
  10 goblins
  4 hobgoblins
  5 quokkas
  4 ball pythons
  8 bats
  4 frilled lizards
  5 kobolds
  5 rats
91 creatures vanquished.

Notes
Turn   | Place    | Note
-------+----------+-------------------------------------------
     0 | Abyss:1  | Newt the Demonspawn Abyssal Knight began the quest for the
                  | Orb.
     0 | Abyss:1  | Reached XP level 1. HP: 18/18 MP: 2/2
    60 | Abyss:2  | Noticed a thrashing horror
    63 | D:1      | Escaped the Abyss
   312 | D:1      | Reached ** piety under Lugonu
   384 | D:1      | Found Cuho's Magic Scroll Shop.
   392 | D:1      | Gained mutation: You have large cloven feet. [demonic
                  | ancestry]
   392 | D:1      | Reached XP level 2. HP: 24/24 MP: 4/4
   401 | D:1      | Bought a scroll of identify for 24 gold pieces
   401 | D:1      | Bought a scroll of identify for 24 gold pieces
   850 | D:1      | Found a faded altar of an unknown god.
  1141 | D:2      | Gained mutation: You have hoof-like feet. [demonic
                  | ancestry]
  1141 | D:2      | Reached XP level 3. HP: 29/29 MP: 5/5
  1144 | D:2      | Reached skill level 1 in Dodging
  1244 | D:2      | Reached XP level 4. HP: 35/35 MP: 6/6
  1420 | D:2      | Found a broken altar of Ashenzari.
  1849 | D:3      | Found a hazy altar of Hepliaklqana.
  1850 | D:3      | Found a shadowy altar of Dithmenos.
  1852 | D:3      | Noticed a shadow
  2012 | D:3      | Reached *** piety under Lugonu
  2146 | D:4      | Found a burning altar of Makhleb.
  2179 | D:4      | Noticed a black bear
  2187 | D:4      | Killed a black bear
  2188 | D:4      | Gained mutation: You are partially covered in icy blue
                  | scales. (AC +2) [demonic ancestry]
  2188 | D:4      | Reached XP level 5. HP: 23/42 MP: 7/7
  2284 | D:4      | Reached skill level 1 in Short Blades
  2284 | D:4      | Reached XP level 6. HP: 44/48 MP: 8/8
  2385 | D:4      | Found a runed translucent gate.
  2386 | D:4      | Found a runed translucent gate.
  2386 | D:4      | Found a runed translucent gate.
  2388 | D:4      | Noticed DocClef's ghost (weakling GnFi)
  2414 | D:4      | Killed DocClef's ghost
  2653 | D:4      | Gained mutation: You are mostly covered in icy blue scales.
                  | (AC +3) [demonic ancestry]
  2653 | D:4      | Reached XP level 7. HP: 51/54 MP: 9/9
  3104 | D:4      | Found Keomur's Serpentskin Sales.
  3137 | D:4      | Bought a +0 ring mail of poison resistance for 80 gold
                  | pieces
  3226 | D:5      | Entered Level 5 of the Dungeon
  3279 | D:5      | Reached skill level 1 in Crossbows
  3535 | D:5      | Gained mutation: You have hooves in place of feet. [demonic
                  | ancestry]
  3535 | D:5      | Reached XP level 8. HP: 40/61 MP: 6/10
  3545 | D:5      | Slain by an ogre

Illustrated notes

Levels and vault maps discovered:
D:1:      shiori_angband_town, layout_rooms, serial_glass, glass_columns_a,
          glass_columns_a, minmay_strange_pillars, feat_on_display,
          item_on_display_a, feat_on_display, serial_shops, nicolae_shop_trees,
          shapermc_ecumenical_altar_venn, minmay_strange_pillars
D:2:      layout_loops_ring, basic_altar, minmay_tromino_v4_c
D:3:      layout_rooms, riverfiend_overflow_shadow_ancestor,
          roderic_serpentine_path, st_stairs_11
D:4:      layout_basic, mainiacjoe_overflow_tiny_flanked,
          ebering_ghost_rock_garden, guppyfry_shop_venom
D:5:      layout_gridville, minmay_temple_entry_wispy, minmay_manual_moon

Skill      XL: |  1  2  3  4  5  6  7  8 |
---------------+-------------------------+-----
Maces & Flails | 2 3 |  3.8
Armour         | 2 3 4 |  4.5
Dodging        | 1 2 |  2.7
Fighting       | 4 |  4.7
Short Blades   | 1 2 3 |  3.6
Crossbows      | 2 3 |  3.0
Invocations    | 3 |  3.0
Evocations     | |  0.1

Action                   |  1- 3 |  4- 6 |  7- 9 || total
-------------------------+-------+-------+-------++-------
Melee: Mace              |    85 |       |       ||    85
       Kick              |    18 |    46 |    28 ||    92
       Flail             |     1 |    75 |       ||    76
       Short sword       |       |    60 |    72 ||   132
 Fire: Hand crossbow     |       |       |    40 ||    40
Invok: Depart the Abyss  |     1 |       |       ||     1
       Banish            |       |       |     1 ||     1
Evoke: Wand              |       |       |     3 ||     3
  Use: Scroll            |       |     6 |       ||     6
       Potion            |       |       |     2 ||     2
Armor: Ring mail         |    51 |    63 |    58 ||   172
Dodge: Dodged            |    58 |    86 |   102 ||   246

Table legend: (Time is in decaauts)
 A = Elapsed time spent in this place.
 B = Non-inter-level travel time spent in this place.
 C = Inter-level travel time spent in this place.
 D = Time resting spent in this place.
 E = Time spent auto-exploring this place.
 F = Levels seen in this place.
 G = Mean time per level.
                   A        B        C        D        E       F      G
               +--------+--------+--------+--------+--------+-----+--------+
         Total |   3604 |   3486 |    118 |    248 |   2416 |   7 |  514.9 |
       Dungeon |   3541 |   3423 |    118 |    248 |   2398 |   5 |  708.2 |
         Abyss |     62 |     62 |      0 |      0 |     18 |   2 |   31.0 |
               +--------+--------+--------+--------+--------+-----+--------+

Top non-repeatable levels by time:
     D:1: 1091 daAuts
     D:4: 1088 daAuts
     D:2: 694 daAuts
     D:3: 333 daAuts
     D:5: 333 daAuts
 Abyss:2: 49 daAuts
 Abyss:1: 13 daAuts
